 Dungeon Crawl Stone Soup version 0.19-a0-1193-g2641e52 (webtiles) character file.

641910 junb69 the Slayer (level 27, -1/265 HPs)
             Began as a Tengu Gladiator on Aug 15, 2016.
             Was the Champion of Dithmenos.
             Slain by a tentacled monstrosity (4 damage)
             ... on level 5 of the Realm of Zot on Aug 19, 2016.
             The game lasted 06:16:03 (97076 turns).

junb69 the Slayer (Tengu Gladiator)                Turns: 97076, Time: 06:16:03

Health: -1/265     AC: 29    Str: 30    XL:     27
Magic:  33/33      EV: 32    Int:  7    God:    Dithmenos [******]
Gold:   5189       SH: 16    Dex: 23    Spells: 0 memorised, 26 levels left

rFire  + + .     SeeInvis .     I - +6 morningstar (freeze)
rCold  + + .     Gourm    .     h - +3 gold dragon armour
rNeg   + + .     Faith    .     w - +0 shield {rN+}
rPois  +         Spirit   .     c - +2 hat
rElec  +         Dismiss  .     B - +2 cloak {+Inv}
rCorr  .         Reflect  .     r - -2 pair of gloves of Divine Intervention {rC- Regen+ Str+3 Dex+6}
MR     +++..     Harm     .     (boots unavailable)
Stlth  .......... Rnd*Rage +    u - amulet of the Air {Inacc +Fly rElec EV+5 RMsl}
                                y - ring "Vegogiz" {rPois rN+ MR+}
                                W - ring of Lygeptawk {Wiz rF+ rC++}

@: mighty, berserking (expiring), flying quickly and evasively, very slightly
contaminated, hasted and slowed, wreathed by umbra, constricted, studying
Stealth, repel missiles, quick
A: beak, talons 3, berserk 1, blurry vision 1, clumsy 1, deformed body, dopey 1,
frail 1, screaming 1, weak 1, no device heal 1, able to fly 2
a: Stop Flying, Shadow Step, Shadow Form, Renounce Religion, Evoke Invisibility
}: 3/15 runes: decaying, serpentine, silver


You were on level 5 of the Realm of Zot.
You worshipped Dithmenos.
Dithmenos was exalted by your worship.
You were not hungry.

You visited 10 branches of the dungeon, and saw 52 of its levels.
You visited the Abyss 2 times.
You visited 2 bazaars.
You visited 1 ziggurat, and saw 4 of its levels.
You also visited: Trove, Sewer, Ice Cave and Volcano.

You collected 9453 gold pieces.
You spent 4264 gold pieces at shops.

Inventory:

Hand Weapons
 I - a +6 morningstar of freezing (weapon)
Armour
 c - a +2 hat (worn)
 h - a +3 gold dragon armour (worn)
 r - the -2 pair of gloves of Divine Intervention (worn) {rC- Regen+ Str+3 Dex+6}
   (You bought it in a shop on level 2 of the Orcish Mines)

   It affects your strength (+3).
   It affects your dexterity (+6).
   It makes you vulnerable to cold.
   It increases your rate of regeneration.
 w - a +0 shield of positive energy (worn)
 B - a +2 cloak of invisibility (worn)
Rods
 q - a +4 rod of inaccuracy (12/12)
   (You found it on level 3 of the Crypt)
 S - a +3 iron rod (13/13)
   (You found it on level 2 of the Swamp)
Jewellery
 u - the amulet of the Air (around neck) {Inacc +Fly rElec EV+5 RMsl}
   (You bought it in a shop in a bazaar)

   [amulet of inaccuracy]

   It reduces the accuracy of all your attacks.
   It affects your evasion (+5).
   It insulates you from electricity.
   It lets you fly.
   It protects you from missiles.
 v - a +5 amulet of reflection
 y - the ring "Vegogiz" (right hand) {rPois rN+ MR+}
   (You took it off a deep elf mage on level 3 of the Elven Halls)

   [ring of poison resistance]

   It protects you from poison.
   It protects you from negative energy.
   It affects your resistance to hostile enchantments.
 A - the ring of Kughinai {+Blink +Inv rC+ MP+9 Dex+2}
   (You found it in a treasure trove)

   [ring of dexterity]

   It affects your dexterity (+2).
   It protects you from cold.
   It affects your magic capacity (+9).
   It lets you turn invisible.
   It lets you blink.
 E - the ring of Shaolin {EV+8}
   (You found it in a treasure trove)

   [ring of evasion]

   It affects your evasion (+8).
 U - the amulet "Juwiqey" {+Rage rElec rPois}
   (You found it in a treasure trove)

   [amulet of rage]

   It insulates you from electricity.
   It protects you from poison.
   It lets you go berserk.
 W - the ring of Lygeptawk (left hand) {Wiz rF+ rC++}
   (You found it in a treasure trove)

   [ring of wizardry]

   It improves your spell success rate.
   It protects you from fire.
   It greatly protects you from cold.
 X - a +5 amulet of reflection
Wands
 g - a wand of hasting (0/9)
 t - a wand of disintegration (5/24)
 x - a wand of teleportation (2/9)
 H - a wand of heal wounds (0/9)
 L - a wand of digging (0/24)
 M - a wand of teleportation (7/9)
Scrolls
 a - 2 scrolls of magic mapping
 k - 19 scrolls of remove curse
 o - 4 scrolls of identify
 K - a scroll of fear
 Z - a scroll of blinking
Potions
 l - 8 potions of curing
 m - 4 potions of agility
 O - a potion of berserk rage
Books
 d - a manual of Stealth
Miscellaneous
 i - a sack of spiders
 j - 5 boxes of beasts
 n - 2 phantom mirrors
 F - a disc of storms
Comestibles
 b - 15 meat rations
 f - 11 bread rations
 p - 3 fruits
 G - 5 beef jerkies
 Q - 9 royal jellies


   Skills:
 * Level 26.7 Fighting
 - Level 15.8 Maces & Flails
 - Level 2.0 Throwing
 - Level 25.4 Armour
 * Level 23.2 Dodging
 - Level 13.3 Stealth
 - Level 15.0 Shields
 - Level 12.7 Evocations


You had 26 spell levels left.
You didn't know any spells.

Dungeon Overview and Level Annotations

Branches:
Dungeon (15/15)            Temple (0/1) D:7            Lair (6/6) D:10
  Swamp (4/4) Lair:2        Snake (4/4) Lair:3        Slime (0/5) Lair:5
    Orc (2/2) D:12            Elf (3/3) Orc:2        Vaults (5/5) D:13
  Crypt (3/3) Vaults:2       Tomb (0/3) Crypt:3      Depths (5/5) D:15
    Zot (5/5) Depths:5

Altars:
Cheibriados
Dithmenos
Elyvilon
Kikubaaqudgha
Makhleb
Qazlal
Ru
Trog
Vehumet
Xom
Yredelemnul
The Shining One
Beogh

Shops:
D:14 (   D:15 }   Orc:2 :[(*!*   Elf:1 (   Snake:2 (*   Vaults:3 (   Depths:5 *

Portals:
Hell: Depths:1 Depths:2 Depths:3 Depths:4 Depths:5
Abyss: Crypt:1 Depths:4
Pandemonium: Depths:1 Depths:3 Depths:5

Annotations:
D:3 HaroldButt's ghost, amateur VSFi
D:6 FrancescoMac's ghost, novice MiFi
Orc:1 exclusion: oklob plant, Saint Roka
Elf:2 2 runed doors, Jorgrun


Innate Abilities, Weirdness & Mutations

You have a beak for a mouth.
You have claws for feet.
You can fly continuously.
You tend to lose your temper in combat.
Scrolls take you a little longer to read.
You are clumsy. (Dex -2)
Armour fits poorly on your strangely shaped body.
You are dopey. (Int -2)
You are frail. (-10% HP)
You occasionally shout uncontrollably at your foes.
You are weak. (Str -2)
Potions and wands are less effective at restoring your health.


Message History

You block the death cob's attack. You block the Orb Guardian's attack.
The purple draconian shifter blinks!
The Orb Guardian hits you but does no damage.
You block the Orb Guardian's attack.
You puncture the Orb Guardian! You freeze the Orb Guardian.
Your kick misses the Orb Guardian.
The Orb Guardian is almost dead.
The death cob completely misses you.
The orb of fire emits a lurid red light.
Strange energies course through your body.
You feel a little pissed off. Something hits you.
* * * LOW HITPOINT WARNING * * *
The Orb Guardian completely misses you. You block the Orb Guardian's attack.
The death cob hits you!
* * * LOW HITPOINT WARNING * * *
The tentacled monstrosity tentacle-slaps you but does no damage.
The tentacled monstrosity misses you.
The tentacled monstrosity closely misses you.
You die...

*********** ** *▓▓▓....,,,,,,
,*** ▓▓▓.......,,,,,, ,,,**
▓▓............... ,,,,* ***▓▓▓▓▓*
▓................
,,,,***,,.....▓*▓.....^..........
,,,,**,,,...../▓▓d(.............)
,,,,*,,,,.....{X▓zq.....§........
,,,,,,,,,.0...XX@XX§....§§§......
,,,,*,,,,....qXX▓*X.....§§qq.....
,,,,**,,,......▓▓X%.....§§§d...§.
,,,,***,,..X..▓*▓.......§§§X.....
,,,,* ***▓▓▓▓▓* #........§X§.....
,,,** ##q.............. ,***
##▓............. **
▓▓▓▓.......... ▓▓#
#▓▓▓▓▓▓▓▓▓▓▓##.


You could see an orb of fire, a tentacled monstrosity, a purple draconian, a
purple draconian shifter, a death cob, 9 Orb Guardians, a black draconian zealot
and a yellow draconian annihilator.

Vanquished Creatures
  2 orbs of fire (Zot:5)
  6 ancient liches
  3 juggernauts
  Mara (Snake:4)
  Margery (Vaults:3)
  Bai Suzhen (Vaults:3)
  A curse toe (Crypt:3)
  A Killer Klown (Zot:5)
  9 caustic shrikes
  Nikola (Swamp:1)
  Jory (Crypt:2)
  10 golden dragons
  A profane servitor (Crypt:3)
  A bone dragon (Depths:1)
  2 electric golems (Zot:5)
  8 liches
  2 deep elf blademasters (Elf:3)
  14 tentacled monstrosities
  11 Orb Guardians (Zot:5)
  A quicksilver dragon (Depths:2)
  7 titans
  3 death cobs
  7 ancient champions
  Kirke (Lair:5)
  4 sphinxes
  Agnes (D:15)
  A tentacled starspawn (Abyss:4)
  12 shadow dragons
  2 thorn hunters (Swamp:4)
  7 tengu reavers
  8 storm dragons
  A fire giant (shapeshifter) (Vaults:5)
  3 revenants
  Donald (Vaults:3)
  10 greater nagas
  13 frost giants
  7 deep elf sorcerers
  15 fire giants
  An orc warlord (Orc:1)
  4 deep elf elementalists
  Aizul (Vaults:3)
  3 draconian scorchers
  2 iron dragons
  5 ghouls (Crypt:2)
  15 vault wardens
  4 curse skulls (Crypt:2)
  20 ironheart preservers
  2 war gargoyles (Vaults:5)
  A spriggan defender (Depths:3)
  19 very ugly things
  2 reapers
  29 stone giants
  5 deep elf demonologists
  A starcursed mass (Abyss:4)
  A green draconian (Zot:3)
  10 spark wasps
  8 vampire knights
  2 black draconians (Depths:5)
  Azrael (Elf:2)
  A mottled draconian (Zot:5)
  4 purple draconians (Depths:5)
  A yellow draconian (Depths:5)
  6 deep elf annihilators
  3 red draconians
  A white draconian (Zot:5)
  12 ettins
  A crystal guardian (Vaults:2)
  14 deep elf death magi
  6 eidola
  A green death (Abyss:4)
  14 fire dragons
  A merfolk impaler (Depths:3)
  18 jiangshi
  4 deep elf high priests
  10 ice dragons
  5 rakshasas
  15 great orbs of eyes
  23 naga warriors
  27 yaktaur captains
  A caustic shrike simulacrum (Depths:1)
  21 hydras
  25 vault guards
  A catoblepas (D:14)
  4 death knights
  7 ghost crabs
  3 spriggan air magi
  12 anacondas
  19 ogre magi
  5 alligators
  33 dancing weapons
  10 centaur warriors
  14 deep troll shamans
  9 deep troll earth magi
  11 vampire magi
  12 naga sharpshooters
  Urug (Orc:1)
  3 tengu warriors
  2 spriggan berserkers
  A death yak (Lair:6)
  An orc high priest (Orc:2)
  A thrashing horror (Abyss:4)
  10 hell knights
  Nergalle (Lair:4)
  5 shock serpents
  2 titan skeletons
  2 fire crabs (shapeshifter)
  14 deep elf knights
  6 shadow wraiths
  A wretched star (Abyss:4)
  4 soul eaters
  An anaconda zombie (Crypt:2)
  6 iron trolls
  3 salamander mystics
  20 skeletal warriors
  A spatial maelstrom (Abyss:4)
  5 flayed ghosts
  An unseen horror (D:15)
  9 swamp dragons
  A storm dragon skeleton (Crypt:3)
  2 spriggan druids (Swamp:3)
  A golden dragon zombie (Crypt:3)
  44 deep trolls
  3 giant orange brains
  6 hill giants
  17 deep elf archers
  5 shambling mangroves
  21 ironbrand convokers
  An anubis guard (shapeshifter) (Depths:4)
  9 naga ritualists
  7 necromancers
  6 wizards
  15 orc knights
  12 harpies
  Pikel (D:6)
  64 deep elf magi
  An anaconda skeleton (Crypt:3)
  13 phantasmal warriors
  7 griffons
  A stone giant zombie (Crypt:3)
  A shining eye (Depths:1)
  6 orc sorcerers
  10 hornets
  12 mana vipers
  53 ugly things
  4 toenail golems (Volcano)
  14 salamanders
  A shining eye (shapeshifter) (Vaults:3)
  A salamander (shapeshifter) (Depths:2)
  3 moths of wrath
  3 cyclopes
  A tengu skeleton (Depths:1)
  16 elephants
  4 wolf spiders
  6 large abominations (Abyss:4)
  3 apocalypse crabs (Abyss:4)
  An octopode (shapeshifter) (Elf:3)
  7 guardian serpents
  Maurice (D:12)
  2 guardian serpents (shapeshifter)
  2 centaur zombies
  A moth of wrath (shapeshifter) (Elf:1)
  A stone giant skeleton (D:15)
  28 black mambas
  A gargoyle (D:14)
  Joseph (D:8)
  19 vault sentinels
  2 ice statues
  A fire giant skeleton (Abyss:4)
  An iron dragon skeleton (Crypt:1)
  13 naga magi
  An elephant (shapeshifter) (Vaults:4)
  A titan simulacrum (Depths:1)
  2 torpor snails (shapeshifter)
  39 spiny frogs
  A dire elephant skeleton (Crypt:2)
  A smoke demon (Abyss:4)
  5 spectral swamp worms (Depths:2)
  A komodo dragon (shapeshifter) (Depths:3)
  A death yak skeleton (Crypt:2)
  53 yaktaurs
  21 freezing wraiths
  A kobold demonologist (Elf:1)
  4 komodo dragons
  5 guardian mummies (Crypt:3)
  An anaconda simulacrum (Crypt:3)
  An ancient zyme (Abyss:4)
  An elf skeleton (Depths:1)
  11 trolls
  A queen bee (Lair:5)
  9 tengu conjurers
  A merfolk (shapeshifter) (Depths:3)
  2 trolls (shapeshifter)
  2 two-headed ogres (shapeshifter)
  3 meliai (Lair:5)
  Grinder (D:6)
  A meliai (shapeshifter) (Vaults:5)
  2 polar bears (shapeshifter)
  7 boulder beetles
  15 giant leeches
  33 blink frogs
  A raiju (Abyss:4)
  37 two-headed ogres
  13 bog bodies
  2 wind drakes (shapeshifter)
  Prince Ribbit (D:8)
  A hornet zombie (Crypt:3)
  59 slime creatures
  3 wolf spider simulacra
  A raiju (shapeshifter) (Depths:3)
  A boulder beetle (shapeshifter) (Depths:3)
  A satyr zombie (Crypt:1)
  2 human simulacra
  A meliai zombie (D:14)
  An ettin zombie (Crypt:2)
  A redback (shapeshifter) (Vaults:5)
  8 spriggans
  5 shadows
  A spriggan (shapeshifter) (Depths:1)
  6 wyverns
  9 fire elementals
  2 yaks (shapeshifter)
  3 vampires
  A spriggan skeleton (D:15)
  A satyr skeleton (Crypt:3)
  A tarantella (shapeshifter) (Depths:3)
  10 air elementals
  6 humans (Volcano)
  10 wraiths
  2 fire bats (Depths:5)
  12 water elementals
  32 yaks
  A hill giant zombie (D:12)
  A hog (shapeshifter) (Vaults:1)
  A golden eye (shapeshifter) (Vaults:5)
  2 hogs
  7 hippogriffs
  24 vampire mosquitoes
  A hippogriff (shapeshifter) (Vaults:3)
  3 basilisks
  A chaos spawn (Abyss:4)
  3 mottled dragons
  A death yak simulacrum (IceCv)
  2 steam dragons
  73 nagas
  21 swamp worms
  9 wargs
  2 hungry ghosts
  10 insubstantial wisps
  A monstrous demonspawn zombie (Crypt:1)
  A hell hound (Elf:2)
  6 small abominations
  21 water moccasins
  2 porcupines (Lair:1)
  A hell hound (shapeshifter) (Vaults:3)
  A merfolk skeleton (Crypt:1)
  3 giant eyeballs (Depths:1)
  15 ice beasts
  2 soldier ants
  An infernal demonspawn skeleton (Crypt:1)
  A swamp drake (shapeshifter) (Depths:3)
  15 swamp drakes
  A spiny frog skeleton (Crypt:1)
  A faun skeleton (Crypt:3)
  7 sky beasts
  2 slaves (D:6)
  An elephant zombie (Crypt:3)
  3 black bears
  40 orc warriors
  69 ogres
  4 necrophages
  10 boggarts
  A ghost crab zombie (Crypt:3)
  14 wasps
  2 alligator simulacra (IceCv)
  8 phantoms
  27 centaurs
  8 crocodiles
  14 wolves
  A swamp dragon skeleton (Crypt:1)
  A hog skeleton (Crypt:2)
  3 big kobolds
  29 giant frogs
  A gnoll sergeant (D:7)
  2 earth elementals
  A yaktaur skeleton (D:15)
  A wyvern zombie (D:9)
  Blork the orc (D:6)
  A cyclops zombie (Crypt:2)
  A glowing shapeshifter simulacrum (Depths:1)
  3 scorpions
  A tengu zombie (D:15)
  20 killer bees
  A troll zombie (D:12)
  14 wights
  A howler monkey (D:4)
  A howler monkey (shapeshifter) (Depths:3)
  2 electric eels (Lair:6)
  9 crimson imps
  8 draconian simulacra (IceCv)
  9 hounds
  2 jellies
  A quasit (D:7)
  A demonspawn skeleton (Crypt:2)
  A giant frog skeleton (D:9)
  14 orc priests
  2 centaur skeletons
  34 orc wizards
  11 iguanas
  Ijyb (D:2)
  A black bear skeleton (Crypt:1)
  17 worker ants
  A spriggan simulacrum (IceCv)
  4 troll simulacra (IceCv)
  A killer bee zombie (D:8)
  4 ogre zombies (D:12)
  A mottled dragon zombie (Crypt:1)
  2 centaur simulacra (IceCv)
  2 hound zombies
  2 ogre skeletons
  A naga skeleton (Crypt:2)
  3 hound skeletons
  7 mummies (Crypt:3)
  2 worker ant zombies
  A howler monkey skeleton (D:10)
  20 gnolls
  2 ogre simulacra (IceCv)
  18 adders
  3 naga simulacra (IceCv)
  32 river rats
  7 shadow imps
  13 white imps
  7 oozes
  An adder skeleton (D:4)
  5 worms
  3 dart slugs
  6 giant geckos
  90 orcs
  A bat zombie (D:2)
  11 giant cockroaches
  7 goblins
  19 hobgoblins
  7 jackals
  21 kobolds
  4 quokkas
  12 ball pythons
  11 bats
  A giant cockroach zombie (D:5)
  A giant gecko skeleton (D:2)
  8 giant newts
  A giant newt skeleton (Crypt:3)
  3 goblin skeletons
  5 goblin zombies
  2 hobgoblin skeletons (D:12)
  5 hobgoblin zombies
  A jackal skeleton (D:5)
  A jackal zombie (D:5)
  2 orc skeletons (D:12)
  11 orc zombies
  A quokka zombie (D:9)
  A rat (shapeshifter) (Depths:3)
  32 rats
  A macabre mass (Depths:1)
  A starspawn tentacle (Abyss:4)
2735 creatures vanquished.

Vanquished Creatures (collateral kills)
  A storm dragon (Vaults:5)
  An ironheart preserver (Vaults:5)
  A deep elf annihilator (Vaults:5)
  A hydra (Swamp:4)
  A spriggan berserker (Depths:4)
  A spriggan (Depths:4)
  A shambling mangrove (Swamp:4)
  A wasp (Depths:4)
8 creatures vanquished.

Vanquished Creatures (others)
  2 deep elf master archers (Elf:3)
  3 yaktaur captains
  2 deep elf high priests
  A deep troll shaman (Depths:5)
  2 centaur warriors
  A vampire mage (Crypt:3)
  2 naga sharpshooters (Snake:4)
  A deep elf knight (Elf:2)
  A spriggan (Swamp:4)
  A wizard (Depths:1)
  A necromancer (IceCv)
  3 deep elf magi
  An orc knight (Vaults:3)
  2 cyclopes (Vaults:2)
  A komodo dragon (Lair:5)
  5 yaktaurs
  A two-headed ogre (Vaults:5)
  A blink frog (Abyss:4)
  2 humans (Lair:6)
  A hippogriff (Lair:5)
  2 wasps (Swamp:4)
  A boggart (Vaults:2)
  3 centaurs
  An ogre (Vaults:5)
  A small abomination (Depths:1)
  A hound (D:6)
  A river rat (Lair:6)
  16 fungi
  34 plants
  A starspawn tentacle (Abyss:4)
  2 withered plants (D:15)
97 creatures vanquished.

Grand Total: 2840 creatures vanquished

Notes
Turn   | Place    | Note
-------+----------+-------------------------------------------
     0 | D:1      | junb69 the Tengu Gladiator began the quest for the Orb.
     0 | D:1      | Reached XP level 1. HP: 12/12 MP: 2/2
   136 | D:1      | Reached XP level 2. HP: 16/18 MP: 3/3
   536 | D:1      | Reached XP level 3. HP: 22/22 MP: 4/4
   872 | D:2      | Reached skill level 3 in Fighting
   943 | D:2      | Found a snail-covered altar of Cheibriados.
  1130 | D:2      | Reached XP level 4. HP: 28/28 MP: 5/5
  1157 | D:2      | Noticed Ijyb
  1171 | D:2      | Killed Ijyb
  1455 | D:2      | Gained mutation: You can fly. [Tengu growth]
  1455 | D:2      | Reached XP level 5. HP: 33/33 MP: 6/6
  1468 | D:2      | Reached skill level 5 in Maces & Flails
  1802 | D:3      | Reached skill level 4 in Fighting
  2128 | D:3      | Noticed a phantom
  2161 | D:3      | Noticed HaroldButt's ghost (amateur VSFi)
  2748 | D:4      | Found a glowing drain.
  2786 | Sewer    | Entered a sewer
  2973 | Sewer    | Reached XP level 6. HP: 31/39 MP: 7/7
  3955 | Sewer    | Reached skill level 5 in Fighting
  4301 | D:4      | Reached XP level 7. HP: 43/44 MP: 8/8
  4502 | D:4      | Found a stormy altar of Qazlal.
  5252 | D:5      | Entered Level 5 of the Dungeon
  5272 | D:5      | Reached skill level 6 in Fighting
  5763 | D:5      | Found a glowing golden altar of the Shining One.
  5847 | D:5      | You fall through a shaft for 3 floors!
  5884 | D:8      | Reached XP level 8. HP: 39/52 MP: 9/9
  6043 | D:6      | Noticed FrancescoMac's ghost (novice MiFi)
  6085 | D:7      | Reached skill level 7 in Fighting
  6972 | D:6      | Found a bloodstained altar of Trog.
  6985 | D:5      | Reached skill level 8 in Fighting
  7025 | D:5      | Reached XP level 9. HP: 56/59 MP: 10/10
  7094 | D:6      | Noticed Blork the orc
  7098 | D:6      | Killed Blork the orc
  7444 | D:6      | Noticed Grinder
  7451 | D:6      | Killed Grinder
  7575 | D:6      | Noticed Pikel
  7610 | D:6      | Killed Pikel
  7610 | D:6      | Reached skill level 9 in Fighting
  7610 | D:6      | Reached skill level 10 in Maces & Flails
  7856 | D:7      | Found a shadowy altar of Dithmenos.
  7963 | D:7      | Became a worshipper of Dithmenos the Shadowed
  8049 | D:7      | Reached skill level 10 in Fighting
  8145 | D:7      | Found a staircase to the Ecumenical Temple.
  8148 | D:7      | Reached skill level 1 in Armour
  8151 | D:7      | Reached skill level 1 in Shields
  8514 | D:8      | Reached XP level 10. HP: 67/67 MP: 11/11
  8517 | D:8      | Noticed Joseph
  8917 | D:8      | Noticed Prince Ribbit
  8928 | D:8      | Killed Prince Ribbit
  8934 | D:8      | Reached * piety under Dithmenos
  8979 | D:8      | Found a burning altar of Makhleb.
  9078 | D:8      | Killed Joseph
  9548 | D:8      | Reached skill level 5 in Armour
  9729 | D:8      | Reached skill level 5 in Shields
  9857 | D:8      | Reached ** piety under Dithmenos
 10317 | D:9      | Found a white marble altar of Elyvilon.
 10660 | D:9      | Found a white marble altar of Elyvilon.
 10669 | D:9      | Reached skill level 5 in Dodging
 10882 | D:9      | Reached XP level 11. HP: 70/72 MP: 12/12
 10942 | D:10     | Entered Level 10 of the Dungeon
 10980 | D:10     | Found a staircase to the Lair.
 11406 | D:10     | Noticed a white ugly thing
 11453 | Lair:1   | Entered Level 1 of the Lair of Beasts
 11855 | Lair:1   | Reached *** piety under Dithmenos
 11855 | Lair:1   | Reached skill level 1 in Stealth
 12800 | Lair:2   | Reached **** piety under Dithmenos
 13211 | Lair:2   | Found a staircase to the Swamp.
 13836 | Lair:3   | Reached skill level 1 in Evocations
 14044 | Lair:3   | Noticed a five-headed hydra
 14598 | Lair:3   | Found a staircase to the Snake Pit.
 14673 | Lair:3   | Reached XP level 12. HP: 73/78 MP: 15/15
 14835 | Lair:4   | Reached skill level 5 in Evocations
 15077 | Lair:4   | Noticed Nergalle
 15110 | Lair:4   | Killed Nergalle
 15128 | Lair:4   | Found a snail-covered altar of Cheibriados.
 15144 | Lair:4   | Reached skill level 11 in Fighting
 15219 | Lair:4   | Reached skill level 10 in Armour
 15763 | Lair:5   | Noticed a four-headed hydra
 15763 | Lair:5   | Noticed a four-headed hydra
 15818 | Lair:5   | Found a dark tunnel.
 15822 | Volcano  | Entered a volcano
 16331 | Lair:5   | Found a staircase to the Slime Pits.
 16406 | Lair:5   | Reached skill level 12 in Fighting
 16585 | Lair:5   | Reached ***** piety under Dithmenos
 16636 | Lair:5   | Reached XP level 13. HP: 65/86 MP: 18/18
 17751 | Lair:5   | Upgraded the game from 0.19-a0-1168-g98094fc to 0.19-a0-1170-g18f0c96
 17812 | Lair:4   | Reached skill level 13 in Fighting
 20307 | D:12     | Noticed Maurice
 20324 | D:12     | Killed Maurice
 20580 | D:12     | Found a staircase to the Orcish Mines.
 20610 | D:12     | Reached ****** piety under Dithmenos
 21132 | Orc:1    | Entered Level 1 of the Orcish Mines
 21476 | Orc:1    | Found a roughly hewn altar of Beogh.
 21865 | Orc:1    | Gained mutation: You can fly continuously. [Tengu growth]
 21865 | Orc:1    | Reached XP level 14. HP: 63/94 MP: 21/21
 21989 | Orc:2    | Entered Level 2 of the Orcish Mines
 22167 | Orc:2    | Noticed a stone giant
 22262 | Orc:2    | Killed a stone giant
 22369 | Orc:2    | Found a staircase to the Elven Halls.
 22451 | Orc:2    | Gained mutation: Your spells are a little easier to cast, but a little less powerful. [a neqoxec]
 22701 | Orc:2    | Gained mutation: You are occasionally teleported next to monsters. [a neqoxec]
 22703 | Orc:2    | Gained mutation: You are weak. (Str -2) [a neqoxec]
 22705 | Orc:2    | Gained mutation: Potions and wands are less effective at restoring your health. [a neqoxec]
 22707 | Orc:2    | Lost mutation: Your spells are a little easier to cast, but a little less powerful. [potion of cure mutation]
 22707 | Orc:2    | Lost mutation: You are weak. (Str -2) [potion of cure mutation]
 23190 | Orc:2    | Noticed Saint Roka
 23203 | Orc:2    | Noticed Urug
 23259 | Orc:1    | Killed Urug
 23796 | Orc:2    | Found a roughly hewn altar of Beogh.
 23895 | Orc:2    | Found Plog's General Store.
 23915 | Orc:2    | Noticed an orc warlord
 23919 | Orc:2    | Found Losakh's Antique Armour Boutique.
 23990 | Orc:1    | Killed an orc warlord
 24165 | Orc:2    | Found Irhy's Book Boutique.
 24181 | Orc:2    | Found Yxaph's Antique Weapon Boutique.
 24224 | Orc:2    | Found a radiant altar of Vehumet.
 24281 | Orc:2    | Found Zukoom's Distillery.
 24285 | Orc:2    | Found Bugat's Bounteous Boutique.
 24404 | Orc:2    | Bought a pair of ancient gloves for 180 gold pieces
 24404 | Orc:2    | Bought a pearl dragon armour for 1900 gold pieces
 24427 | Orc:2    | Identified the cursed -2 pair of gloves of Divine Intervention {rC- Regen+ Str+3 Dex+6} (You bought it in a shop on level 2 of the Orcish Mines)
 24441 | Orc:2    | Bought an embroidered cloak for 85 gold pieces
 24477 | Orc:2    | Bought a potion of invisibility for 136 gold pieces
 24547 | Orc:1    | Noticed a stone giant
 24588 | Orc:1    | Killed a stone giant
 24784 | D:13     | Found a frozen archway.
 25039 | IceCv    | Entered an ice cave
 25055 | IceCv    | HP: 2/94 [alligator simulacrum (23)]
 25131 | IceCv    | Found an ancient bone altar of Kikubaaqudgha.
 26991 | D:13     | Reached skill level 10 in Dodging
 27401 | D:13     | Found a gate to the Vaults.
 27492 | D:13     | Found a portal to a secret trove of treasure.
 27595 | D:13     | Reached XP level 15. HP: 98/98 MP: 23/23
 27772 | D:14     | Found Kaigasamp's Weapon Emporium.
 28654 | D:15     | Entered Level 15 of the Dungeon
 29144 | D:15     | Gained mutation: You are agile. (Dex +2) [potion of beneficial mutation]
 29408 | D:15     | Found a staircase to the Depths.
 29644 | D:15     | Found an oddly glowing altar of Pakellas.
 29644 | D:15     | Found Pakellas's Prime Provisions.
 31043 | D:15     | Reached skill level 14 in Fighting
 31255 | D:15     | Found an oddly glowing altar of Pakellas.
 31327 | D:15     | Noticed Agnes
 31350 | D:15     | Killed Agnes
 31532 | D:14     | Bought the cursed +1 morningstar "Nebbucag" {elec, MR+ Stlth+} for 328 gold pieces
 31874 | Lair:6   | Entered Level 6 of the Lair of Beasts
 32562 | Lair:6   | Noticed Kirke
 33325 | Lair:5   | Reached skill level 15 in Maces & Flails
 33327 | Lair:5   | Reached XP level 16. HP: 106/106 MP: 24/24
 33363 | Lair:5   | Killed Kirke
 33508 | Lair:6   | Got a twisted ring mail
 33904 | Lair:6   | Identified the cursed +1 ring mail of God Told Me To {rF+ rN+} (You found it on level 6 of the Lair of Beasts)
 34259 | Swamp:1  | Entered Level 1 of the Swamp
 34382 | Swamp:1  | Noticed a tentacled monstrosity
 34402 | Swamp:1  | Noticed Nikola
 34780 | Snake:1  | Entered Level 1 of the Snake Pit
 34833 | Snake:1  | Reached skill level 10 in Shields
 36601 | Snake:2  | Noticed a greater naga
 36616 | Snake:2  | Killed a greater naga
 36700 | Snake:2  | Found Evept's General Store.
 36700 | Snake:2  | Found Rusko's Antique Weapon Boutique.
 37133 | Snake:2  | Bought 2 scrolls of identify for 68 gold pieces
 37977 | Snake:2  | Reached XP level 17. HP: 108/111 MP: 25/25
 38873 | Snake:4  | Entered Level 4 of the Snake Pit
 38874 | Snake:4  | Noticed Mara
 39529 | Snake:4  | Noticed junb69's illusion
 39719 | Snake:4  | Found a gateway to a bazaar.
 41105 | Snake:4  | Noticed junb69's illusion
 41818 | Snake:4  | Reached XP level 18. HP: 37/116 MP: 26/26
 41826 | Snake:4  | HP: 4/116 [greater naga/poison arrow (33)]
 43018 | Snake:4  | Noticed junb69's illusion
 43157 | Snake:4  | Reached skill level 15 in Dodging
 43214 | Snake:4  | Got a serpentine rune of Zot
 43274 | Snake:4  | Noticed junb69's illusion
 43342 | Snake:4  | Killed Mara
 43761 | Elf:1    | Entered Level 1 of the Elven Halls
 44448 | Elf:1    | Found Eboy's Weapon Emporium.
 45508 | Elf:2    | Reached skill level 15 in Fighting
 45539 | Elf:2    | Found a large runed door.
 45539 | Elf:2    | Found a large runed door.
 45566 | Elf:2    | Found a large runed door.
 45566 | Elf:2    | Found a large runed door.
 45634 | Elf:2    | Reached skill level 15 in Shields
 45787 | Elf:2    | Noticed Azrael
 45811 | Elf:2    | Killed Azrael
 46432 | Elf:2    | Noticed Jorgrun
 46493 | Elf:2    | Reached XP level 19. HP: 72/124 MP: 27/27
 47277 | Elf:2    | Upgraded the game from 0.19-a0-1170-g18f0c96 to 0.19-a0-1185-gacb3972
 47857 | Vaults:1 | Entered Level 1 of the Vaults
 48486 | Vaults:1 | Reached skill level 15 in Armour
 48618 | Vaults:1 | Reached skill level 16 in Fighting
 50996 | Vaults:2 | Found a staircase to the Crypt.
 51357 | Vaults:2 | Reached XP level 20. HP: 89/133 MP: 28/28
 51381 | Vaults:2 | HP: 3/133 [Ice Fiend[an ironheart preserver] (24)]
 51953 | Vaults:2 | Reached skill level 17 in Fighting
 52482 | Vaults:2 | Identified a scroll of acquirement
 53370 | Bazaar   | Entered a bazaar
 53414 | Bazaar   | Found Fyethruw's Gadget Boutique.
 53433 | Bazaar   | Found Wobbuq's Book Shoppe.
 53502 | Bazaar   | Found Sesamoot's Book Shoppe.
 53583 | Bazaar   | Found Yczeury's Book Shoppe.
 53675 | Bazaar   | Bought a sack of spiders for 200 gold pieces
 53675 | Bazaar   | Bought a box of beasts for 200 gold pieces
 54670 | Vaults:3 | Found a sacrificial altar of Ru.
 54922 | Vaults:3 | Noticed Margery
 55022 | Vaults:3 | Noticed Donald
 55036 | Vaults:3 | Killed Donald
 55036 | Vaults:3 | Reached skill level 18 in Fighting
 55274 | Vaults:3 | Gained mutation: Potions and wands are poor at restoring your health. [a shining eye]
 55443 | Vaults:3 | Found Voeck's Antique Weapon Shoppe.
 55451 | Vaults:3 | Bought a pitted whip for 232 gold pieces
 55453 | Vaults:3 | Identified the +8 whip "Luguroh" {flame, rF+} (You bought it in a shop on level 3 of the Vaults)
 55596 | Vaults:3 | Killed Margery
 55596 | Vaults:3 | Reached skill level 19 in Fighting
 55652 | Vaults:3 | Reached XP level 21. HP: 136/144 MP: 29/29
 55710 | Vaults:3 | Noticed Bai Suzhen
 55741 | Vaults:3 | Killed Bai Suzhen
 56240 | Vaults:3 | Noticed Aizul
 56246 | Vaults:3 | Killed Aizul
 56991 | Vaults:4 | Reached skill level 20 in Fighting
 58500 | Vaults:4 | Reached skill level 21 in Fighting
 58591 | Vaults:4 | Noticed a golden dragon
 59265 | Swamp:1  | Killed Nikola
 61086 | Swamp:2  | Reached skill level 10 in Evocations
 61086 | Swamp:2  | Reached XP level 22. HP: 148/155 MP: 30/30
 61960 | Swamp:4  | Entered Level 4 of the Swamp
 62885 | Swamp:4  | Got a decaying rune of Zot
 63024 | Swamp:4  | Lost mutation: You are agile. (Dex +2) [potion of cure mutation]
 63024 | Swamp:4  | Lost mutation: You are occasionally teleported next to monsters. [potion of cure mutation]
 63024 | Swamp:4  | Lost mutation: Potions and wands are poor at restoring your health. [potion of cure mutation]
 63024 | Swamp:4  | Lost mutation: Potions and wands are less effective at restoring your health. [potion of cure mutation]
 63632 | Elf:3    | Entered Level 3 of the Elven Halls
 64722 | Elf:3    | Cast into level 3 of the Abyss (a deep elf sorcerer)
 64726 | Elf:3    | Escaped the Abyss
 65132 | Elf:3    | Got a clouded lead ring
 65755 | Elf:3    | Identified the ring "Vegogiz" {rPois rN+ MR+} (You took it off a deep elf mage on level 3 of the Elven Halls)
 65783 | Elf:3    | Identified the Volume of the Boosting Volcanoes
 66481 | Crypt:1  | Entered Level 1 of the Crypt
 66908 | Crypt:1  | Found a shimmering altar of Xom.
 66917 | Crypt:1  | Found a one-way gate to the infinite horrors of the Abyss.
 67449 | Crypt:2  | Reached XP level 23. HP: 155/160 MP: 33/33
 67556 | Crypt:2  | Noticed Jory
 67568 | Crypt:3  | Entered Level 3 of the Crypt
 68088 | Crypt:2  | Gained mutation: Your spells are a little harder to cast, but a little more powerful. [potion of beneficial mutation]
 69119 | Crypt:2  | Killed Jory
 72624 | Crypt:3  | Found an ancient bone altar of Kikubaaqudgha.
 72674 | Crypt:3  | Noticed a curse toe
 72675 | Crypt:3  | Found a basalt altar of Yredelemnul.
 72873 | Crypt:3  | Killed a curse toe
 73426 | Crypt:3  | Found a staircase to the Tomb.
 73747 | Depths:1 | Entered Level 1 of the Depths
 73783 | Depths:1 | Reached XP level 24. HP: 165/168 MP: 33/33
 74413 | Depths:1 | Identified Viuq's Guide on Unholy Lightness
 74419 | Depths:1 | Identified a +4 rod of inaccuracy (12/12) (You found it on level 3 of the Crypt)
 75121 | Depths:1 | Found a gateway to a ziggurat.
 75296 | Depths:1 | Found a gateway to Hell.
 75363 | Depths:1 | Found a one-way gate leading to the halls of Pandemonium.
 75860 | Depths:1 | Identified the Guide on Darkness
 77632 | Depths:3 | Reached skill level 22 in Fighting
 78954 | Depths:3 | Reached XP level 25. HP: 173/173 MP: 33/33
 80033 | Depths:3 | Cast into level 4 of the Abyss (a lich)
 80033 | Abyss:4  | Found a corrupted altar of Lugonu.
 80095 | Abyss:4  | Paralysed by you for 5 turns
 80444 | Abyss:4  | Reached skill level 5 in Stealth
 80535 | Depths:3 | Escaped the Abyss
 82833 | Depths:2 | Reached skill level 23 in Fighting
 84424 | Depths:3 | Noticed a juggernaut
 84439 | Depths:3 | Killed a juggernaut
 84439 | Depths:3 | Reached XP level 26. HP: 183/183 MP: 33/33
 84713 | D:13     | You paid a toll of a +3 shadow dragon armour to enter a treasure trove
 84714 | Trove    | Entered a treasure trove
 84725 | Trove    | Got a faintly glowing jade ring
 84727 | Trove    | Got a crude marble ring
 84734 | Trove    | Got a vibrating brass ring
 84736 | Trove    | Got a coiled wooden ring
 84738 | Trove    | Got a coiled bronze ring
 84740 | Trove    | Got a smoking marble ring
 84749 | Trove    | Identified the ring of Equilibrium {+Blink rElec rN+ Str+2 Int-5} (You found it in a treasure trove)
 84750 | Trove    | Identified the ring of Likhlemo {Wiz *Confuse rF+ Int+5} (You found it in a treasure trove)
 84760 | Trove    | Identified the ring of Nihilism {*Corrode rPois rN+ Int+4 Dex+4} (You found it in a treasure trove)
 84766 | Trove    | Identified the ring of Qyzu {*Corrode MR++ MP+9 Dex+7} (You found it in a treasure trove)
 84768 | Trove    | Identified the ring "Kukkor" {+Inv rElec Stlth+} (You found it in a treasure trove)
 84770 | Trove    | Identified the ring of Lygeptawk {Wiz rF+ rC++} (You found it in a treasure trove)
 84775 | Trove    | Got a vibrating bronze ring
 84783 | Trove    | Got a crude amethyst amulet
 84793 | Trove    | Identified the ring of Kughinai {+Blink +Inv rC+ MP+9 Dex+2} (You found it in a treasure trove)
 84796 | Trove    | Identified the amulet "Juwiqey" {+Rage rElec rPois} (You found it in a treasure trove)
 86189 | Depths:4 | Noticed a juggernaut
 86213 | Depths:4 | Killed a juggernaut
 86453 | Depths:5 | Entered Level 5 of the Depths
 86462 | Depths:5 | Noticed a juggernaut
 86487 | Depths:5 | Killed a juggernaut
 86997 | Depths:5 | Reached skill level 24 in Fighting
 87180 | Depths:5 | Found Cont's Serpentskin Sales.
 87223 | Depths:5 | Found a gateway to a bazaar.
 87237 | Bazaar   | Entered a bazaar
 87237 | Bazaar   | Found Tieroucw's Antique Armour Boutique.
 87244 | Bazaar   | Found Gesaipp's Distillery.
 87253 | Bazaar   | Bought a potion of heal wounds for 65 gold pieces
 87253 | Bazaar   | Bought 2 potions of heal wounds for 130 gold pieces
 87253 | Bazaar   | Found Bixzuobu's Antique Weapon Shoppe.
 87275 | Bazaar   | Found Gonikap's Jewellery Emporium.
 87289 | Bazaar   | Found Meskuren's General Store.
 87305 | Bazaar   | Bought the amulet of the Air {Inacc +Fly rElec EV+5 RMsl} for 523 gold pieces
 87649 | Depths:5 | Found a gate to the Realm of Zot.
 88926 | Vaults:4 | Upgraded the game from 0.19-a0-1185-gacb3972 to 0.19-a0-1193-g2641e52
 88927 | Vaults:5 | Entered Level 5 of the Vaults
 89091 | Vaults:5 | Noticed an ancient lich
 89442 | Vaults:5 | Reached XP level 27. HP: 85/192 MP: 33/33
 90571 | Vaults:5 | Killed an ancient lich
 90575 | Vaults:5 | Reached skill level 25 in Fighting
 92524 | Vaults:5 | Got a silver rune of Zot
 93953 | Vaults:5 | Reached skill level 26 in Fighting
 94040 | Vaults:5 | Identified the Almanac of the Supportive Voyage
 94657 | Orc:2    | Bought a shiny shield for 85 gold pieces
 94706 | Orc:2    | Bought a scroll of enchant armour for 90 gold pieces
 94706 | Orc:2    | Bought a scroll of magic mapping for 42 gold pieces
 94929 | Depths:1 | Paralysed by a giant eyeball for 4 turns
 94945 | Depths:1 | Paralysed by a giant eyeball for 2 turns
 94951 | Depths:1 | Paralysed by a giant eyeball for 3 turns
 94969 | Zig:1    | Entered Level 1 of a ziggurat
 94993 | Zig:2    | Entered Level 2 of a ziggurat
 95025 | Zig:3    | Entered Level 3 of a ziggurat
 95090 | Zig:4    | Entered Level 4 of a ziggurat
 95378 | Zot:1    | Entered Level 1 of the Realm of Zot
 95378 | Zot:1    | Noticed an ancient lich
 95499 | Zot:3    | Reached skill level 10 in Stealth
 95736 | Zot:5    | Entered Level 5 of the Realm of Zot
 95815 | Zot:5    | Noticed an ancient lich
 95831 | Zot:5    | Noticed an ancient lich
 95846 | Zot:5    | Killed an ancient lich
 95887 | Zot:5    | Killed an ancient lich
 95976 | Zot:5    | Noticed an ancient lich
 95999 | Zot:5    | Killed an ancient lich
 96033 | Zot:5    | Noticed an ancient lich
 96079 | Zot:5    | Killed an ancient lich
 96400 | Zot:5    | Noticed an orb of fire
 96400 | Zot:5    | Gained mutation: Potions and wands are less effective at restoring your health. [an orb of fire]
 96409 | Zot:5    | Gained mutation: You are frail. (-10% HP) [an orb of fire]
 96414 | Zot:5    | Gained mutation: Scrolls take you a little longer to read. [an orb of fire]
 96430 | Zot:5    | Gained mutation: Scrolls take you longer to read. [an orb of fire]
 96451 | Zot:5    | Killed an orb of fire
 96577 | Zot:5    | Noticed an orb of fire
 96584 | Zot:5    | Gained mutation: You are weak. (Str -2) [an orb of fire]
 96591 | Zot:5    | Lost mutation: Your spells are a little harder to cast, but a little more powerful. [an orb of fire]
 96617 | Zot:5    | Gained mutation: You are clumsy. (Dex -2) [an orb of fire]
 96638 | Zot:5    | Lost mutation: Scrolls take you longer to read. [an orb of fire]
 96642 | Zot:5    | Killed an orb of fire
 96866 | Zot:5    | Noticed an ancient lich
 96895 | Zot:5    | Killed an ancient lich
 96937 | Zot:5    | Noticed an orb of fire
 97040 | Zot:5    | Noticed an orb of fire
 97052 | Zot:5    | Gained mutation: You are dopey. (Int -2) [an orb of fire]
 97058 | Zot:5    | Gained mutation: You occasionally shout uncontrollably at your foes. [an orb of fire]
 97061 | Zot:5    | Gained mutation: Armour fits poorly on your strangely shaped body. [an orb of fire]
 97076 | Zot:5    | Gained mutation: You tend to lose your temper in combat. [an orb of fire]
 97076 | Zot:5    | HP: 3/265 [death cob (17)]
 97076 | Zot:5    | Slain by a tentacled monstrosity

Vault maps used:
D:1:      saegor_arrival_simple_e, serial_bayou_pond_e
D:2:      serial_undead, serial_undead_b, serial_undead_e, serial_undead_f,
          serial_undead_f, cheibriados_altar_1, uniq_iyjb
D:3:      first_bread, minmay_distorted
D:4:      portal_sewer_entry_f, grunt_qazlal_sundering
D:5:      nicolae_tso_besieged_by_evil
D:6:      trog_ov_bears_minmay, uniq_grinder, uniq_pikel, uniq_blork_the_orc
D:7:      basic_altar
D:8:      kennysheep_housing_project, bloody_makhleb, uniq_prince_ribbit1,
          uniq_joseph
D:9:      basic_altar, hangedman_pestilent_swarm, elyvilon_altar_3
D:10:     lair_0_dummy, grunt_ministairs_10
D:12:     zombieorc1_lemuel, grunt_ministairs_6, uniq_maurice
D:13:     erik_vaults_1, portal_ice_cave_entry_ice_beasts,
          nicolae_trove_entry_crystal
D:14:     serial_shops, shop, minmay_misc_feat_roman
D:15:     gammafunk_depths_entry_grave, minmay_misc_feat_chi, basic_altar,
          minivault_26, corner_web_ring, minmay_misc_feat_four_crosses,
          johnstein_pakellas_shop, uniq_agnes
Lair:1:   st_stairs_13, lemuel_fruit_tree
Lair:2:   minmay_swamp_entry_swarm
Lair:3:   minmay_snake_entry_guardpost_large, st_stairs_12,
          grunt_forest_large_clearings, grunt_megastairs_5
Lair:4:   basic_altar, uniq_nergalle
Lair:5:   onia_ninara_swampy_vault, nicolae_slime_entry_slimehenge,
          nicolae_volcano_entry_lava_flow, special_room
Lair:6:   minmay_lair_end_frog_pond, grunt_forest_large_clearing_hut, uniq_kirke
Swamp:1:  evilmike_swamp_ruin_house_1, swamp_pool1, uniq_nikola
Swamp:2:  infiniplex_staircase_pool_2, swamp_pool2,
          nicolae_swamp_feature_on_the_river_bank
Swamp:3:  evilmike_swamp_ruin_house_3, swamp_pool1
Swamp:4:  swamp_basic_johnstein
Snake:1:  minmay_snake_river, spider_trap, grunt_ministairs_4
Snake:2:  grunt_megastairs_2, minmay_shoptagon
Snake:4:  johnstein_snake_rune_scales, serial_shops, bzr_entry_customers,
          uniq_mara
Orc:1:    basic_altar, mines3_lemuel
Orc:2:    grunt_orc_cross, serial_shops, shop, basic_altar,
          nicolae_alphabet_shops
Elf:1:    serial_shops, shop, hangedman_elf_disciples
Elf:2:    minmay_strange_pillars, uniq_jorgrun, uniq_azrael
Elf:3:    minmay_elf_hall_statues
Vaults:1: nicolae_vaults_twisting_passages, ontoclasm_vaults_eye,
          vaults_room_grid, vaults_mumra_hexcomb,
          ontoclasm_vaults_loading_screen,
          vaults_standard_mumra_enter_the_diamond, ontoclasm_vaults_chip,
          nicolae_vaults_little_squares_6
Vaults:2: minmay_crypt_entry_nasty_monster, vaults_room_boxed,
          vaults_room_pools, nicolae_vaults_network_periphery,
          hangedman_vaults_variations, nicolae_vaults_little_ls, st_check,
          nicolae_vaults_border_crossing, v_misc_11,
          nicolae_vaults_little_squares_6, vaults_room_stairs_pillars
Vaults:3: hangedman_vaults_corner, nicolae_vaults_little_squares_3,
          st_octagons_2, nicolae_vaults_network_square, vaults_room_door_ring,
          v_misc_12, v_alt_pattern_1, vaults_room_stairs_pillars,
          nicolae_vaults_little_squares_1, vaults_dpeg_encased_lava,
          ontoclasm_vaults_gateway, v_misc_18,
          nicolae_vaults_diagonal_hallway_7, vaults_mumra_hex, basic_altar,
          serial_shops, shop, uniq_margery, uniq_aizul, uniq_donald,
          uniq_bai_suzhen
Vaults:4: hangedman_vaults_locks, v_misc_29, vaults_room_fancy_cross,
          v_pattern_4, dpeg_vaults_monster_box, v_rooms_4,
          hangedman_vaults_trim, nicolae_vaults_specimen_jars,
          ontoclasm_vaults_ring_small, grunt_vaults_hallway_short,
          grunt_vaults_hallway_short
Crypt:1:  due_chaos_kobolds, grunt_megastairs_1, grunt_crypt_arrival_split
Crypt:2:  uniq_jory
Crypt:3:  lightli_unholy_cathedral, nicolae_tomb_entry_grand_gallery
Depths:1: enter_ziggurat_c, pan_entry, pf_coc_iceberg,
          hangedman_research_thanatology
Depths:2: minmay_glassy_protrusions, pf_hell_entry_tar_river,
          basic_stair_grate_trap, minmay_staircase_bubble
Depths:3: grunt_twisty_corner, minmay_misc_feat_tower, hell_entry,
          grunt_pan_entry_sceptre, spider_trap, kennysheep_generic_room_15,
          infiniplex_staircase_spiral, kennysheep_random_hallway
Depths:4: kennysheep_oblong_rooms, hex_tiny, hell_entry, abyss_entry
Depths:5: grunt_twist_and_shout, serial_sigils, serial_sigils_hangedman_scar,
          serial_sigils_hangedman_gnaw, serial_sigils_hangedman_quiver,
          serial_sigils_hangedman_writhe, serial_sigils_hangedman_gut,
          grunt_metal_band, serial_shops, statue_bzr, pan_entry,
          nicolae_lava_and_water, guppyfry_shop_venom
Zot:1:    hangedman_snap_crack_crunch
Zot:2:    kennysheep_blocky_hall
Zot:3:    kennysheep_room_grid, st_stairs_12
Zot:4:    grunt_ministairs_10
Abyss:3:  due_exit_kobolds, hangedman_abyss_lost_library,
          nicolae_abyss_rune_star_stuff
Abyss:4:  dshaligram_kb_abyss_rune_zappy_water_cross
Zig:3:    ziggurat_pillar_centre_c
Bazaar:   bazaar_minmay_generic_d, bazaar_lake
Trove:    trove_jewel_1
Sewer:    sewer_minmay_w
IceCv:    ice_cave_small_necro
Volcano:  volcano_bunker

Skill      XL: |  1  2  3  4  5  6  7  8  9 10 11 12 13 14 15 16 17 18 19 20 21 22 23 24 25 26 27 |
---------------+----------------------------------------------------------------------------------+-----
Maces & Flails | 4 5 6 7 9 10 11 15 | 15.8
Fighting       | 3 4 5 6 8 10 12 13 14 15 16 19 21 22 23 24 26 | 26.7
Armour         | 2 7 9 11 12 13 14 15 16 18 21 22 23 25 | 25.4
Shields        | 2 5 8 9 11 13 15 | 15.0
Dodging        | 5 8 10 12 14 15 16 17 18 20 22 23 | 23.2
Stealth        | 2 7 13 | 13.3
Evocations     | 3 6 8 9 10 12 | 12.7
Throwing       | |  2.0

Action                   |  1- 3 |  4- 6 |  7- 9 | 10-12 | 13-15 | 16-18 | 19-21 | 22-24 | 25-27 || total
-------------------------+-------+-------+-------+-------+-------+-------+-------+-------+-------++-------
Melee: Flail             |    82 |   248 |   398 |   928 |  2109 |       |       |       |       ||  3765
       Kick              |    15 |    53 |   138 |   305 |   997 |   699 |  1148 |  1333 |  1865 ||  6553
       Peck              |     6 |    30 |    72 |   224 |   688 |   484 |   757 |   842 |  1246 ||  4349
       Morningstar       |       |       |       |       |   230 |  1607 |  2079 |  2427 |  3386 ||  9729
Throw: Javelin           |       |     7 |     9 |     3 |       |       |       |       |       ||    19
       Throwing net      |       |     3 |       |       |       |       |       |       |       ||     3
 Abil: Fly               |       |       |       |       |     3 |       |       |       |       ||     3
Evoke: Wand              |       |       |       |     2 |    77 |    14 |     5 |     3 |    11 ||   112
       Sack of spiders   |       |       |       |       |       |       |     1 |       |     2 ||     3
       Box of beasts     |       |       |       |       |       |       |       |       |     1 ||     1
  Use: Scroll            |       |    12 |    13 |     8 |    27 |    13 |     8 |    15 |    48 ||   144
       Potion            |       |     3 |     2 |     8 |    14 |     9 |     6 |    10 |    22 ||    74
 Stab: Distracted        |     1 |       |       |       |     3 |     4 |     4 |     7 |       ||    19
       Sleeping          |       |       |       |     1 |     1 |     4 |     9 |    11 |       ||    26
       Confused          |       |       |       |       |    23 |     3 |       |     1 |       ||    27
       Invisible         |       |       |       |       |     7 |       |       |       |       ||     7
       Paralysed         |       |       |       |       |     1 |       |       |       |       ||     1
       Held in net/web   |       |       |       |       |       |       |     1 |       |       ||     1
       Petrifying        |       |       |       |       |       |       |       |       |     2 ||     2
  Eat: Chunk             |     1 |    10 |    13 |    22 |    32 |     6 |    28 |    14 |    17 ||   143
       Beef jerky        |       |       |     1 |     1 |       |     1 |     1 |     3 |     2 ||     9
       Fruit             |       |       |       |     6 |    23 |    18 |       |     3 |       ||    50
       Royal jelly       |       |       |       |       |     2 |     2 |     2 |     1 |     2 ||     9
       Meat ration       |       |       |       |       |     1 |     1 |     1 |     3 |     2 ||     8
       Pizza             |       |       |       |       |       |     1 |     3 |     2 |       ||     6
       Bread ration      |       |       |       |       |       |     1 |     1 |     4 |     6 ||    12
Armor: Leather armour    |    16 |       |       |       |       |       |       |       |       ||    16
       Ring mail         |     3 |   134 |   104 |    15 |       |       |       |       |       ||   256
       Scale mail        |       |       |       |   175 |       |       |       |       |       ||   175
       Chain mail        |       |       |       |     9 |   238 |       |       |       |       ||   247
       Pearl dragon armo |       |       |       |       |   179 |   159 |   182 |   261 |    95 ||   876
       Skin              |       |       |       |       |     1 |       |       |       |       ||     1
       Swamp dragon armo |       |       |       |       |       |       |     7 |    47 |       ||    54
       Gold dragon armou |       |       |       |       |       |       |       |       |   548 ||   548
Dodge: Dodged            |    52 |   186 |   168 |   411 |  1075 |   894 |  1189 |  1202 |  2342 ||  7519
       Deflected         |       |       |       |       |       |       |       |       |    37 ||    37
Block: Buckler           |    11 |    49 |    60 |    34 |       |       |       |       |       ||   154
       Shield            |       |       |       |   418 |  1504 |  1395 |  1731 |  1936 |  2566 ||  9550
       Reflection        |       |       |       |       |     5 |   164 |   120 |    93 |    38 ||   420
